 Dungeon Crawl Stone Soup version 0.27-a0-1206-g6342a01c75 (webtiles) character file.

Game seed: 10499221442821632919

10180 Glokmah the Cleaver (level 11, 0/58 HPs)
             Began as a Vine Stalker Fighter on June 5, 2021.
             Was a High Priest of Okawaru.
             Succumbed to a cane toad's poison
             ... on level 1 of the Lair of Beasts.
             The game lasted 00:18:30 (9226 turns).

Glokmah the Cleaver (Vine Stalker Fighter)          Turns: 9226, Time: 00:18:31

Health: 0/58       AC: 14    Str: 20    XL:     11   Next: 58%
Magic:  0/8        EV: 24    Int:  4    God:    Okawaru [*****.]
Gold:   996        SH: 15    Dex: 22    Spells: 10/10 levels left

rFire    . . .     SeeInvis .   a - +9 war axe of Distraction {antimagic, rPois rCorr Int-4 Stlth+}
rCold    . . .     Faith    .   c - +1 kite shield
rNeg     . . .     Spirit   +   p - +0 plate armour
rPois    +         Reflect  .   (no helmet)
rElec    .         Harm     .   (no cloak)
rCorr    +         Rampage  .   (no gloves)
Will     +....                  w - +0 pair of boots
Stlth    ..........             A - amulet of the acrobat
HPRegen  1.19/turn              g - ring of magical power
MPRegen  0.11/turn              q - +6 ring of dexterity

@: lethally poisoned (0 -> -3), heroic, acrobatic, hasted, very quick
A: fangs 3, regeneration 1, magic shield, antimagic bite, no potion heal 2
a: Renounce Religion, Heroism, Finesse


You were on level 1 of the Lair of Beasts.
You worshipped Okawaru.
Okawaru was extremely pleased with you.
You visited 2 branches of the dungeon, and saw 12 of its levels.
You also visited: Ossuary.

You collected 996 gold pieces.

Inventory:

Hand Weapons
 a - the +9 war axe of Distraction (weapon) {antimagic, rPois rCorr Int-4 Stlth+}
   (You acquired it on level 10 of the Dungeon)

   It reduces the magical energy of the wielder, and disrupts the spells and
   magical abilities of those hit.
   Natural abilities and divine invocations are not affected.
   It affects your intelligence (-4).
   It protects you from poison.
   It protects you from acid and corrosion.
   It makes you more stealthy.
 b - a +2 war axe of pain
 H - the +9 morningstar "Tinkyd" {flame, rC+ Will+ Dex-2 Stlth+}
   (You took it off a centaur on level 10 of the Dungeon)

   It has been specially enchanted to burn those struck by it, causing extra
   injury to most foes and up to half again as much damage against particularly
   susceptible opponents.
   It affects your dexterity (-2).
   It protects you from cold.
   It increases your willpower.
   It makes you more stealthy.
Missiles
 n - 29 poisoned darts (quivered)
 r - 2 throwing nets
 s - 6 boomerangs
 x - 15 javelins
 D - 9 silver javelins
 I - 6 atropa-tipped darts
Armour
 c - a +1 kite shield (worn)
 p - a +0 plate armour (worn)
 w - a +0 pair of boots (worn)
Jewellery
 f - a +6 ring of dexterity
 g - a ring of magical power (left hand)
 q - a +6 ring of dexterity (right hand)
 A - an amulet of the acrobat (around neck)
 F - a +4 ring of slaying
 K - a ring of magical power
Wands
 d - a wand of polymorph (6)
 t - a wand of iceblast (14)
 y - a wand of digging (4)
 E - a wand of flame (32)
 J - a wand of paralysis (6)
Scrolls
 h - 3 scrolls of enchant armour
 i - 2 scrolls of vulnerability
 j - 4 scrolls of identify
 l - 4 scrolls of enchant weapon
 m - 4 scrolls of teleportation
 C - 2 scrolls of amnesia
 G - a scroll of fear
Potions
 e - a potion of heal wounds
 k - a potion of flight
 o - a potion of lignification
 u - 2 potions of berserk rage
 z - a potion of might
 B - a potion of invisibility


   Skills:
 + Level 7.6(12.6) Fighting
 * Level 10.2(15.2) Axes
 - Level 3.6(8.6) Throwing
 - Level 2.4(7.4) Armour
 * Level 9.0(14.0) Shields
 * Level 6.1 Invocations


You had 10 spell levels left.
You didn't know any spells.
Your spell library contained the following spells:

 Spells                   Type           Power      Damage    Failure   Level
 Corona                   Hex            0%         N/A       100%        1
 Freeze                   Ice            0%         1d3       100%        1
 Magic Dart               Conj           0%         1d3       100%        1
 Shock                    Conj/Air       0%         1d3       100%        1
 Blink                    Tloc           N/A        N/A       100%        2
 Call Imp                 Summ           0%         N/A       100%        2
 Ensorcelled Hibernation  Hex/Ice        0%         N/A       100%        2
 Slow                     Hex            0%         N/A       100%        2
 Static Discharge         Conj/Air       0%         N/A       100%        2
 Confusing Touch          Hex            0%         N/A       100%        3
 Conjure Flame            Conj/Fire      0%         6-21      100%        3
 Dazzling Flash           Conj/Hex       0%         N/A       100%        3
 Frozen Ramparts          Ice            0%         1d2       100%        3
 Mephitic Cloud           Conj/Pois/Air  0%         N/A       100%        3
 Ozocubu's Armour         Ice            0%         N/A       100%        3
 Stone Arrow              Conj/Erth      0%         3d7       100%        3
 Swiftness                Air            0%         N/A       100%        3
 Tukima's Dance           Hex            0%         N/A       100%        3
 Hailstorm                Conj/Ice       0%         3d3       100%        4
 Leda's Liquefaction      Hex/Erth       0%         N/A       100%        4
 Metabolic Englaciation   Hex/Ice        0%         N/A       100%        5
 Conjure Ball Lightning   Conj/Air       0%         3x3d6     100%        6


Dungeon Overview and Level Annotations

Branches:
Dungeon (11/15)            Temple (0/1) D:6            Lair (1/6) D:10
Ossuary (visited)
    Orc: D:9-12

Altars:
Elyvilon
Makhleb
Okawaru
Qazlal
Ru
Sif Muna
Trog
Uskayaw
Yredelemnul
Zin


Innate Abilities, Weirdness & Mutations

You have razor-sharp teeth.
Your natural rate of healing is unusually fast.
When hurt, damage is shared between your health and your magic reserves.
Your bite disrupts and absorbs the magic of your enemies.
Potions cannot restore your health.


Message History

Found a stone staircase leading down.
Found a stone staircase leading down. 2 cane toads come into view.
The cane toad croaks.
You hit the cane toad. Your bite misses the cane toad.
The cane toad is lightly wounded.
You block the cane toad's attack. The cane toad stings you!
You slash the cane toad! Your bite misses the cane toad.
The cane toad is moderately wounded.
You hit the cane toad.
The cane toad stings you but does no damage. x2
The cane toad stings you!
You barely miss the cane toad.
The cane toad is moderately wounded.
You slash the cane toad! The cane toad stings you. The cane toad stings you!!
* * * LOW HITPOINT WARNING * * *
You are poisoned.
The cane toad poisons you!
You are too injured to fight recklessly!
Unknown command.
You are too injured to fight recklessly!
* * * LOW HITPOINT WARNING * * *
You feel very sick.
A cane toad comes into view.
The cane toad misses you.
You gain the combat prowess of a mighty hero.
* * * LOW HITPOINT WARNING * * *
You feel very sick.
The cane toad gives a loud, deep croak!
The cane toad closely misses you. You block the cane toad's attack.
Unknown command.
You feel yourself speed up.
* * * LOW HITPOINT WARNING * * *
You feel very sick. The cane toad barely misses you. The cane toad stings you.
* * * LOW HITPOINT WARNING * * *
You block the cane toad's attack.
* * * LOW HITPOINT WARNING * * *
You feel sick.
You die...

..................###≈
..P...........†..####
##.... #.....†.....# #
##....##..#.#..†....# #
###....P.####...#.....#
##........##...........#
##.........#......#.....#
.........##...8.........#
........#.@.......#..##..##
........F......#.##### #...
...##..F..8..#...# #..#
#.8..#............
#.....#............+
#8.>....8.F.8..8...#
#.....#............+
...8..#........... .##.#
#...8...##.


You could see 3 cane toads.

Vanquished Creatures
  5 two-headed ogres
  The ghost of PejaSLU the Basher, a novice MiBe of Trog (D:9)
  5 centaur zombies (D:10)
  Maggie (D:6)
  A kobold demonologist (D:9)
  A troll (D:8)
  The ghost of PigKeeper the Conjurer, an amateur TeWz of Gozag (D:4)
  5 yaks (Lair:1)
  2 wyverns
  A steam dragon (D:9)
  A water moccasin (Lair:1)
  2 orc warriors
  A necrophage (D:5)
  An ogre (D:7)
  3 centaurs
  2 phantoms
  2 kobold brigands
  4 bullfrogs
  2 scorpions
  A water moccasin zombie (D:5)
  5 killer bees (D:6)
  4 howler monkeys
  A lava snake (D:10)
  3 hounds
  3 quasits (D:4)
  A gnoll shaman (D:7)
  A bullfrog skeleton (D:6)
  3 orc priests
  3 jellies
  2 centaur skeletons
  2 orc wizards
  A killer bee zombie (D:5)
  2 mummies (Ossuary)
  A howler monkey zombie (D:10)
  7 gnolls
  6 adders
  3 white imps
  An ufetubus (D:5)
  2 adder skeletons (D:4)
  A worm (D:4)
  A dart slug (D:1)
  23 orcs
  6 bats
  7 endoplasms
  5 giant cockroaches
  7 goblins
  5 hobgoblins
  2 quokkas
  6 ball pythons
  4 frilled lizards
  4 gnoll zombies (Ossuary)
  A goblin zombie (Ossuary)
  6 hobgoblin zombies (Ossuary)
  8 kobolds
  3 orc zombies (Ossuary)
  2 rats
184 creatures vanquished.

Notes
Turn   | Place    | Note
-------+----------+-------------------------------------------
     0 | D:1      | Glokmah the Vine Stalker Fighter began the quest for the
                  | Orb.
     0 | D:1      | Reached XP level 1. HP: 11/11 MP: 2/2
    50 | D:1      | Reached skill level 2 in Axes
   207 | D:1      | Reached XP level 2. HP: 14/15 MP: 3/3
   790 | D:1      | Found a faded altar of an unknown god.
  1043 | D:2      | Reached XP level 3. HP: 19/20 MP: 4/4
  1046 | D:2      | Identified the Incunabulum of Earthen Flight
  2745 | D:3      | Reached skill level 3 in Axes
  2745 | D:3      | Gained mutation: Your natural rate of healing is unusually
                  | fast. [Vine Stalker growth]
  2745 | D:3      | Reached XP level 4. HP: 20/24 MP: 5/5
  3141 | D:4      | Noticed a phantom
  3261 | D:4      | Found a transporter.
  3281 | D:4      | Found a transporter.
  3324 | D:4      | Noticed PigKeeper's ghost (amateur TeWz)
  3345 | D:4      | Reached XP level 5. HP: 19/28 MP: 6/6
  3365 | D:4      | Killed PigKeeper's ghost
  3366 | D:4      | Reached skill level 4 in Axes
  3366 | D:4      | Reached XP level 6. HP: 33/33 MP: 7/7
  3503 | D:4      | Reached XP level 7. HP: 37/37 MP: 8/8
  3605 | D:4      | Reached skill level 5 in Axes
  3608 | D:4      | Found an iron altar of Okawaru.
  3628 | D:4      | Became a worshipper of Warmaster Okawaru
  4089 | D:5      | Entered Level 5 of the Dungeon
  4119 | D:5      | Found a burning altar of Makhleb.
  4208 | D:5      | Found a shimmering blue altar of Sif Muna.
  4217 | D:5      | Reached skill level 1 in Throwing
  4226 | D:5      | Reached * piety under Okawaru
  4411 | D:5      | Gained mutation: You have razor-sharp teeth. [Vine Stalker
                  | growth]
  4411 | D:5      | Reached XP level 8. HP: 42/42 MP: 9/9
  4474 | D:5      | Found a hide-covered altar of Uskayaw.
  4476 | D:5      | Found a white marble altar of Elyvilon.
  4616 | D:6      | Found a sand-covered staircase.
  4628 | Ossuary  | Entered an ossuary
  4772 | D:6      | Reached skill level 6 in Axes
  4842 | D:6      | Reached skill level 5 in Shields
  4977 | D:6      | Found a basalt altar of Yredelemnul.
  4985 | D:6      | Reached skill level 5 in Fighting
  5056 | D:6      | Found a sacrificial altar of Ru.
  5361 | D:6      | Found a staircase to the Ecumenical Temple.
  5560 | D:7      | Noticed Maggie
  5591 | D:6      | Reached ** piety under Okawaru
  5831 | D:7      | Reached skill level 7 in Axes
  5832 | D:7      | Identified the +1 ring mail "Fikkegi" {Dex+3}
  5968 | D:6      | Killed Maggie
  5969 | D:6      | Reached XP level 9. HP: 38/47 MP: 10/10
  6287 | D:7      | Found a stormy altar of Qazlal.
  6718 | D:8      | Noticed a two-headed ogre
  6748 | D:8      | Killed a two-headed ogre
  6748 | D:8      | Reached *** piety under Okawaru
  6749 | D:8      | Reached skill level 8 in Axes
  6948 | D:8      | Noticed a troll
  6962 | D:8      | Killed a troll
  7438 | D:9      | Reached XP level 10. HP: 47/53 MP: 11/11
  7489 | D:8      | Reached skill level 1 in Invocations
  7530 | D:9      | Noticed a lindwurm
  7713 | D:9      | Reached **** piety under Okawaru
  7905 | D:9      | Noticed a lindwurm
  7905 | D:9      | Noticed a lindwurm
  7937 | D:9      | Noticed a lindwurm
  7948 | D:9      | Noticed a kobold demonologist
  7957 | D:9      | Killed a kobold demonologist
  8051 | D:9      | Found a bloodstained altar of Trog.
  8076 | D:9      | Found a runed translucent gate.
  8076 | D:9      | Found a runed translucent gate.
  8077 | D:9      | Found a runed translucent gate.
  8078 | D:9      | Noticed PejaSLU's ghost (novice MiBe)
  8096 | D:9      | Killed PejaSLU's ghost
  8096 | D:9      | Received a gift from Okawaru
  8097 | D:9      | Reached skill level 9 in Axes
  8334 | D:9      | Found a glowing silver altar of Zin.
  8509 | D:10     | Entered Level 10 of the Dungeon
  8509 | D:10     | Noticed a two-headed ogre
  8518 | D:10     | Killed a two-headed ogre
  8518 | D:10     | Received a gift from Okawaru
  8563 | D:10     | Noticed a two-headed ogre
  8574 | D:10     | Killed a two-headed ogre
  8574 | D:10     | Reached ***** piety under Okawaru
  8574 | D:10     | Received a gift from Okawaru
  8575 | D:10     | Reached XP level 11. HP: 53/58 MP: 15/15
  8589 | D:10     | Identified a scroll of acquirement
  8589 | D:10     | Acquired the +9 war axe of Distraction {antimagic, rPois
                  | rCorr Int-4 Stlth+}
  8628 | D:10     | Found a staircase to the Lair.
  8725 | D:10     | Noticed a two-headed ogre
  8737 | D:10     | Killed a two-headed ogre
  8738 | D:10     | Reached skill level 5 in Invocations
  8795 | D:10     | Identified the +9 morningstar "Tinkyd" {flame, rC+ Will+
                  | Dex-2 Stlth+}
  8866 | D:10     | Received a gift from Okawaru
  8867 | D:10     | Reached skill level 10 in Axes
  8942 | D:10     | Noticed a two-headed ogre
  8952 | D:10     | Killed a two-headed ogre
  9131 | Lair:1   | Entered Level 1 of the Lair of Beasts
  9197 | Lair:1   | Received a gift from Okawaru
  9224 | Lair:1   | HP: 1/58 [cane toad (5)]
  9226 | Lair:1   | Succumbed to a cane toad's poison

Illustrated notes

Levels and vault maps discovered:
D:1:      dpeg_arrival_simpleton_b, layout_basic, ebering_ecumenical_altar_box
D:2:      layout_basic
D:3:      layout_basic, hangedman_decor_push, chequers_garden,
          chequers_serial_rivers_room_a, minmay_misc_feat_room
D:4:      layout_loops_cross, kennysheep_okawaru_gauntlet,
          gammafunk_ghost_stat_death
D:5:      layout_rooms, amcnicky_altar_gilded, minitemple, kennysheep_mini_moat,
          kennysheep_generic_room_8
D:6:      layout_loops_ring, nicolae_ru_path_of_blood,
          yredelemnul_altar_generic, minmay_temple_entry_glassed_door,
          enter_ossuary_1
D:7:      layout_cave_pools, marbit_many_paths, wad_floor_pattern_untrapped,
          uniq_maggie
D:8:      layout_loops_ring, serial_aquarium, aquarium_bridge_long_separate
          [aquarium_subvault_bridge, aquarium_subvault_wall,
          aquarium_subvault_wall, aquarium_subvault_wall,
          aquarium_subvault_bridge, aquarium_subvault_bridge],
          aquarium_bridge_straight [aquarium_subvault_bridge,
          aquarium_subvault_wall, aquarium_subvault_bridge,
          aquarium_subvault_wall], aquarium_window_fake, aquarium_window_1,
          aquarium_view_2a
D:9:      layout_loops_ring, nicolae_overflow_hidden_temple, lemuel_tele_altar,
          ebering_ghost_rock_garden, minmay_lindwurm_lava
D:10:     layout_rooms, lair_entry_dummy, kennysheep_opposing_triangles
D:11:     layout_stronghold, david_orc_5, nrook_campfire,
          roderic_serpentine_path, uniq_erica
Lair:1:   layout_cave_pods, infiniplex_staircase_pool, lemuel_fruit_tree,
          grunt_megastairs_3

Skill      XL: |  1  2  3  4  5  6  7  8  9 10 11 |
---------------+----------------------------------+-----
Axes           | 2 3 4 5 7 8 9 10 | 10.2
Fighting       | 3 4 5 6 7 |  7.6
Shields        | 3 4 5 7 8 9 |  9.0
Throwing       | 1 3 |  3.6
Invocations    | 4 6 |  6.1
Armour         | |  2.4

Action                   |  1- 3 |  4- 6 |  7- 9 | 10-12 || total
-------------------------+-------+-------+-------+-------++-------
Melee: War axe           |   105 |    72 |   266 |   155 ||   598
       Bite              |    19 |    25 |   116 |    85 ||   245
Throw: Dart              |       |       |    24 |     9 ||    33
Invok: Heroism           |       |       |     4 |     8 ||    12
Evoke: Wand              |       |       |     1 |       ||     1
  Use: Potion            |       |     1 |     2 |     1 ||     4
       Scroll            |       |       |    16 |     2 ||    18
Armor: Scale mail        |    55 |     3 |       |       ||    58
       Plate armour      |       |   111 |   154 |    59 ||   324
Dodge: Dodged            |    31 |    16 |    51 |    35 ||   133
Block: Kite shield       |    68 |    80 |   232 |   120 ||   500

Table legend: (Time is in decaauts)
 A = Elapsed time spent in this place.
 B = Non-inter-level travel time spent in this place.
 C = Inter-level travel time spent in this place.
 D = Time resting spent in this place.
 E = Time spent auto-exploring this place.
 F = Levels seen in this place.
 G = Mean time per level.
                   A        B        C        D        E       F      G
               +--------+--------+--------+--------+--------+-----+--------+
         Total |   9444 |   8833 |    611 |    320 |   6218 |  13 |  726.5 |
       Dungeon |   9234 |   8623 |    611 |    320 |   6121 |  11 |  839.5 |
          Lair |     94 |     94 |      0 |      0 |     53 |   1 |   94.0 |
       Ossuary |    115 |    115 |      0 |      0 |     44 |   1 |  115.0 |
               +--------+--------+--------+--------+--------+-----+--------+

Top non-repeatable levels by time:
     D:2: 1179 daAuts
     D:8: 1136 daAuts
     D:6: 1083 daAuts
     D:1: 1056 daAuts
     D:3: 986 daAuts
     D:4: 984 daAuts
     D:9: 882 daAuts
     D:7: 775 daAuts
    D:10: 617 daAuts
     D:5: 529 daAuts
 Ossuary: 115 daAuts
  Lair:1: 94 daAuts
    D:11: 1 daAuts
